 Dungeon Crawl Stone Soup version 0.19.5 (webtiles) character file.

1431 JeffiDaFish the Cudgeler (level 8, -4/48 HPs)
             Began as a Gargoyle Fighter on Mar 25, 2017.
             Killed by divine providence
             ... invoked by an orc priest
              (10 damage)
             ... on level 5 of the Dungeon.
             The game lasted 00:08:28 (3611 turns).

JeffiDaFish the Cudgeler (Gargoyle Fighter)         Turns: 3611, Time: 00:08:29

Health: -4/48      AC: 23    Str: 21    XL:     8   Next: 73%
Magic:  8/8        EV:  4    Int:  8    God:
Gold:   320        SH: 11    Dex: 11    Spells: 0 memorised, 7 levels left

rFire  . . .     SeeInvis +     a - +1 flail
rCold  + + .     Gourm    .     g - +2 plate armour {rC+}
rNeg   + . .     Faith    .     c - +0 shield
rPois  ∞         Spirit   .     n - +1 helmet
rElec  +         Reflect  .     (no cloak)
rCorr  .         Harm     .     (no gloves)
MR     .....                    r - +0 pair of boots
Stlth  ..........               (no amulet)
                                u - ring of protection from cold
                                o - ring of see invisible

@: no status effects
A: negative energy resistance 1, electricity resistance, unbreathing,
petrification resistance, rot immunity, AC +5
a: no special abilities


You were on level 5 of the Dungeon.
You were not hungry.

You visited 1 branch of the dungeon, and saw 5 of its levels.

You collected 320 gold pieces.

Inventory:

Hand Weapons
 a - a +1 flail (weapon)
Armour
 c - a +0 shield (worn)
 g - a +2 plate armour of cold resistance (worn)
 n - a +1 helmet (worn)
 r - a +0 pair of boots (worn)
Jewellery
 o - a ring of see invisible (left hand)
 u - a ring of protection from cold (right hand)
Scrolls
 b - a scroll of magic mapping
 k - a scroll of identify
 q - 2 scrolls of amnesia
 s - a scroll of remove curse
Potions
 d - 4 potions of might
 e - 2 potions of brilliance
 m - 4 potions of flight
 p - a potion of heal wounds
 t - a potion of haste
 v - a potion of cancellation
Comestibles
 f - 3 bread rations
 h - 7 chunks of flesh
 i - 2 beef jerkies
 j - a slice of pizza
 l - 4 meat rations


   Skills:
 + Level 4.9 Fighting
 + Level 7.2 Maces & Flails
 + Level 5.3 Armour
 + Level 0.2 Dodging
 + Level 0.2 Stealth
 + Level 7.2 Shields


You had 7 spell levels left.
You didn't know any spells.

Dungeon Overview and Level Annotations

Branches:
Dungeon (5/15)             Temple (0/1) D:5

Altars:
Cheibriados
Trog
Vehumet

Shops:
D:5 *


Innate Abilities, Weirdness & Mutations

You are resistant to torment.
Your stone body is resilient. (AC +5)
You are immune to poison.
You resist negative energy. (rN+)
You are resistant to electric shocks. (rElec)
You can survive without breathing.
You are immune to petrification.
You are immune to rotting.


Message History

The orc hits you but does no damage.
Things that are here:
a club; a leather armour; a scorpion corpse You sock the orc priest!
The orc priest is severely wounded.
The orc priest hits you but does no damage.
You block the orc's attack.
You sock the orc priest!
You kill the orc priest!
The orc hits you but does no damage. The orc priest barely misses you.
You hit the orc priest.
The orc priest is lightly wounded.
You block the orc's attack. The orc priest barely misses you.
You block the orc's attack.
You closely miss the orc priest.
The orc priest is lightly wounded.
You block the orc's attack.
The orc priest invokes the aid of Beogh against you.
Beogh smites you!
You die...

######.###.##.#######
.>...(.# #..........#
.#####.# ####.#####. .#
#.# #.# (# #.# #.# .#
#.######.## ####
.#####......†..## ....
...........%##.(##..##.#
..# #####. ##o@)......
..# # #..o.#.#.. .#####
##..#.#.#. .....#
#.#.#.#.# .###.#
#..#.>.#. ## #.#
#.#.#.#.# # #.#
#..#.#.#. # #.#
#...#.#.. # #.#


You could see an orc priest and an orc.

Vanquished Creatures
  Grinder (D:5)
  Eustachio (D:5)
  The ghost of Aphrodieselac the Poker, an amateur MfSk (D:3)
  Menkaure (D:5)
  2 ogres
  Blork the orc (D:4)
  2 scorpions (D:5)
  A howler monkey (D:4)
  A crimson imp (D:5)
  A jelly (D:5)
  An orc priest (D:5)
  An iguana (D:4)
  4 worker ants
  An orc wizard (D:5)
  2 hound skeletons (D:5)
  2 worker ant zombies (D:5)
  4 adders
  4 gnolls (D:3)
  A howler monkey skeleton (D:5)
  A shadow imp (D:5)
  2 oozes
  3 worms
  4 dart slugs
  6 leopard geckos
  6 orcs
  3 ball pythons (D:1)
  6 giant cockroaches
  5 hobgoblins
  7 jackals (D:2)
  7 kobolds
  3 quokkas
  12 bats
  5 frilled lizards
  10 goblins
  A leopard gecko skeleton (D:5)
  8 rats
  A plant (D:5)
122 creatures vanquished.

Vanquished Creatures (others)
  A plant (D:5)
1 creature vanquished.

Grand Total: 123 creatures vanquished

Notes
Turn   | Place    | Note
-------+----------+-------------------------------------------
     0 | D:1      | JeffiDaFish the Gargoyle Fighter began the quest for the Orb.
     0 | D:1      | Reached XP level 1. HP: 14/14 MP: 1/1
   279 | D:1      | Reached XP level 2. HP: 19/19 MP: 2/2
   675 | D:1      | You fall through a shaft!
   693 | D:2      | Reached XP level 3. HP: 20/23 MP: 3/3
  1034 | D:1      | Reached XP level 4. HP: 28/28 MP: 4/4
  1465 | D:2      | Found a snail-covered altar of Cheibriados.
  1781 | D:3      | Noticed Aphrodieselac's ghost (amateur MfSk)
  1794 | D:3      | Killed Aphrodieselac's ghost
  1794 | D:3      | Reached XP level 5. HP: 21/33 MP: 5/5
  1794 | D:3      | Reached XP level 6. HP: 24/38 MP: 6/6
  2387 | D:4      | Found a radiant altar of Vehumet.
  2527 | D:4      | Reached skill level 5 in Shields
  2559 | D:4      | Reached skill level 5 in Maces & Flails
  2559 | D:4      | Reached XP level 7. HP: 42/43 MP: 7/7
  2564 | D:4      | Noticed Blork the orc
  2582 | D:4      | Killed Blork the orc
  2692 | D:4      | Found a bloodstained altar of Trog.
  2941 | D:5      | Entered Level 5 of the Dungeon
  3015 | D:5      | Noticed Eustachio
  3108 | D:5      | Noticed Grinder
  3121 | D:5      | Killed Eustachio
  3121 | D:5      | Reached skill level 5 in Armour
  3121 | D:5      | Reached XP level 8. HP: 19/48 MP: 8/8
  3136 | D:5      | Paralysed by Grinder for 4 turns
  3150 | D:5      | Killed Grinder
  3321 | D:5      | Noticed Menkaure
  3333 | D:5      | Killed Menkaure
  3417 | D:5      | Found Vediopocs's Assorted Antiques.
  3590 | D:5      | Found a staircase to the Ecumenical Temple.
  3611 | D:5      | Killed from afar by an orc priest

Skill      XL: |  1  2  3  4  5  6  7  8 |
---------------+-------------------------+-----
Shields        | 4 5 6 7 |  7.2
Maces & Flails | 4 5 6 7 |  7.2
Armour         | 4 5 |  5.3
Fighting       | 4 |  4.9
Dodging        | |  0.2
Stealth        | |  0.2

Action                   |  1- 3 |  4- 6 |  7- 9 || total
-------------------------+-------+-------+-------++-------
Melee: Flail             |   161 |   147 |   251 ||   559
  Use: Potion            |     3 |     5 |     3 ||    11
       Scroll            |     5 |     5 |     3 ||    13
  Eat: Chunk             |     1 |     5 |     4 ||    10
Armor: Plate armour      |   146 |   108 |   229 ||   483
Dodge: Dodged            |    42 |    24 |    58 ||   124
Block: Shield            |   123 |    82 |   152 ||   357
